 Dungeon Crawl Stone Soup version 0.31.0-11-ge490571c62 (webtiles) character file.

Game seed: 2605871134133491679

33119 qw the Markself (level 13, -3/76 HPs)
             Began as a Deep Elf Hunter on Feb 4, 2024.
             Was an Elder of Okawaru.
             Slain by a catoblepas (10 damage)
             ... while petrified by a catoblepas
             ... on level 3 of the Lair of Beasts.
             The game lasted 00:01:57 (14114 turns).

qw the Markself (Deep Elf Hunter)                  Turns: 14114, Time: 00:01:58

Health: -3/76      AC: 13    Str: 12    XL:     13   Next: 35%
Magic:  17/21      EV:  2    Int: 16    God:    Okawaru [****..]
Gold:   963        SH:  0    Dex: 18    Spells: 12/12 levels left

rFire   + . .        w - +0 longbow
rCold   . . .        (shield currently unavailable)
rNeg    + + +        c - +2 leather armour {rF+}
rPois   inf          i - +1 helmet
rElec   .            (no cloak)
rCorr   .            e - +2 pair of gloves
SInv    .            p - +0 pair of boots
Will    +....        a - amulet of the acrobat
Stlth   +++          o - +5 ring of evasion
HPRegen 0.32/turn    v - +5 ring of evasion
MPRegen 0.17/turn

%: acrobat
@: petrified, heroic
A: talons 1, low MP 1, sense surroundings 1
a: Renounce Religion, Heroism, Finesse


You were on level 3 of the Lair of Beasts.
You worshipped Okawaru.
Okawaru was greatly pleased with you.
You visited 2 branches of the dungeon, and saw 14 of its levels.
You also visited: Sewer.

You collected 963 gold pieces.


Innate Abilities, Weirdness & Mutations

You have sharp toenails.
Your magical capacity is low. (-10% MP)
You passively map a small area around you.


   Skills:
 - Level 7.0(12.0) Fighting
 - Level 20.0(25.0) Ranged Weapons
 + Level 2.8(7.8) Armour
 - Level 11.0(16.0) Dodging
 - Level 1.2(6.2) Stealth
 - Level 11.7 Invocations


You had 12 spell levels left.
You didn't know any spells.
Your spell library was empty.

Inventory:

Hand Weapons
 w - a +0 longbow (weapon)
Armour
 c - a +2 leather armour of fire resistance (worn)
 e - a +2 pair of gloves (worn)
 i - a +1 helmet (worn)
 p - a +0 pair of boots (worn)
 y - a +0 troll leather armour
Jewellery
 a - an amulet of the acrobat (around neck)
 o - a +5 ring of evasion (left hand)
 v - a +5 ring of evasion (right hand)
Wands
 m - a wand of roots (9)
 t - a wand of polymorph (7)
 u - a wand of quicksilver (9)
Scrolls
 b - 2 scrolls of identify
 r - 2 scrolls of teleportation
Potions
 f - 2 potions of resistance
 g - a potion of mutation
 h - 4 potions of curing
 k - 2 potions of enlightenment
 l - 2 potions of haste
 n - 6 potions of might
 s - 2 potions of heal wounds

Dungeon Overview and Level Annotations

Branches:
Dungeon (11/15)            Temple (0/1) D:4            Lair (3/5) D:11
 Spider (0/4) Lair:2        Sewer (visited)
  Swamp: Lair:2-3    Shoals: Lair:2-3       Orc: D:9-12

Altars:
Dithmenos
Elyvilon
Gozag
Hepliaklqana
Okawaru
Qazlal
Sif Muna
Uskayaw
Vehumet
Wu Jian
Xom
Yredelemnul
The Shining One

Shops:
D:10 (

Annotations:
D:6 1 runed translucent door, Crazy Yiuf
Lair:1 1 runed translucent door, qw's ghost, journeyman SpHu


Message History

The yak barely misses you.
The blink frog blinks!
You turn to flesh and can move again.
You shoot an arrow. The arrow hits the blink frog!
The blink frog is heavily wounded.
The catoblepas breathes a plume of calcifying dust at you.
The blast of calcifying dust hits you. The yak barely misses you.
You shoot an arrow. The arrow hits the blink frog!
The blink frog is severely wounded.
You are engulfed in calcifying dust.
You are slowing down.
The blink frog blinks!
You shoot an arrow. The arrow hits the blink frog!
The blink frog is almost dead.
You are engulfed in calcifying dust.
Your limbs have turned to stone.
The catoblepas completely misses you. The yak barely misses you.
You have turned to stone.
You are engulfed in calcifying dust.
The bullfrog snags a nearby small bird with its tongue.
The catoblepas gores you. The yak gores you but does no damage.
You are engulfed in calcifying dust.
The blink frog is no longer petrified.
The blink frog hits you but does no damage.
The catoblepas gores you!
The blink frog blinks!
The yak gores you!
You are engulfed in calcifying dust.
The blink frog blinks!
The catoblepas gores you but does no damage.
The yak gores you but does no damage.
You are engulfed in calcifying dust.
The catoblepas gores you! The yak gores you but does no damage.
You are engulfed in calcifying dust.
Your hands slow down.
The blink frog blinks!
The blink frog hits you but does no damage.
The catoblepas gores you but does no damage.
The yak gores you.
You are engulfed in calcifying dust.
The blink frog hits you but does no damage.
The catoblepas gores you but does no damage.
The yak gores you! The blink frog completely misses you.
The blink frog hits you but does no damage.
The catoblepas gores you!!
You die...

** ** ** + , , *
, , * , .....# ,
, *.....#. *, , ,
......., * ,
....... *
#*,###......#* ,
##+#.##@#......#
* ,,
.....FFYYl.....#
......FY<.......
,
......F......F..
,
................
,
.......F........
, , ,,,
................
,
#.#...P......#..*
, ####.###......
#


You could see a catoblepas, a komodo dragon, 2 yaks, 5 blink frogs and a
bullfrog.

Vanquished Creatures
  A hydra (Lair:1)
  Erica (Lair:1)
  A two-headed ogre (D:11)
  A skyshark (Lair:2)
  A cyclops (D:11)
  6 elephants (Lair:2)
  3 black mambas
  A cane toad (Lair:1)
  Jeremiah (D:6)
  A gargoyle (D:11)
  A kobold demonologist (D:10)
  2 komodo dragons (Lair:2)
  2 trolls
  2 hornets
  3 blink frogs (Lair:2)
  Sigmund (D:6)
  A jumping spider (shapeshifter) (D:11)
  A vampire (D:10)
  5 wyverns
  42 yaks
  A wraith (D:10)
  2 basilisks
  2 vampire mosquitoes (D:10)
  A steam dragon (D:6)
  4 water moccasins
  An acid dragon (D:11)
  A meliai simulacrum (D:10)
  7 orc warriors
  2 black bears
  3 ice beasts
  An ogre (D:4)
  5 wolves
  4 centaurs
  2 phantoms
  A kobold brigand (D:9)
  16 bullfrogs
  7 scorpions
  2 gnoll sergeants
  3 wights (D:6)
  16 killer bees
  2 howler monkeys (D:11)
  2 electric eels
  3 orc priests
  6 jellies
  2 bombardier beetles
  2 hounds
  A gnoll bouda (D:6)
  2 sleepcaps
  Terence (D:3)
  2 iguanas
  6 orc wizards
  A river rat (Sewer)
  6 adders
  20 gnolls
  2 shadow imps
  3 white imps
  5 ribbon worms
  2 dart slugs
  39 orcs
  8 ball pythons
  5 bats
  17 endoplasms
  2 giant cockroaches
  6 hobgoblins
  5 jackals
  5 quokkas
  5 frilled lizards
  7 goblins
  10 kobolds
  10 rats
345 creatures vanquished.

Vanquished Creatures (others)
  An orc wizard (D:10)
  An endoplasm zombie (Sewer)
2 creatures vanquished.

Grand Total: 347 creatures vanquished

Notes
Turn   | Place    | Note
-------+----------+-------------------------------------------
     0 | D:1      | qw the Deep Elf Hunter began the quest for the Orb.
     0 | D:1      | Reached XP level 1. HP: 12/12 MP: 3/3
     0 | D:1      | 0 ||| qw: Version: 0.3-a-160-g6735b56
     0 | D:1      | 0 ||| qw: Game counter: 5435
     0 | D:1      | 0 ||| qw: Melee chars always use a shield: true
     0 | D:1      | 0 ||| qw: God list: Okawaru
     0 | D:1      | 0 ||| qw: Allow faded altars: false
     0 | D:1      | 0 ||| qw: Do Orc after clearing Dungeon:15 true
     0 | D:1      | 0 ||| qw: Do second Lair branch before Depths: true
     0 | D:1      | 0 ||| qw: Lair rune preference: random
     0 | D:1      | 0 ||| qw: Goals: Normal
     0 | D:1      | 0 ||| PLANNING D:1-11
   146 | D:1      | Reached XP level 2. HP: 16/16 MP: 4/4
   164 | D:1      | Reached skill level 6 in Ranged Weapons
   771 | D:1      | 771 ||| UPGRADING to +0 pair of gloves.
   776 | D:1      | 776 ||| READING scroll labelled ENARUI POPAUGEOFO.
   777 | D:1      | 777 ||| READING scroll labelled JESHRI KIAXIPSA.
   780 | D:1      | 780 ||| READING scroll labelled FACRIF YKALASS.
   781 | D:1      | 781 ||| DRINKING 2 metallic white potions.
   782 | D:1      | 782 ||| DROPPING scroll of butterflies.
   801 | D:2      | Reached XP level 3. HP: 20/20 MP: 5/5
  1146 | D:2      | Reached skill level 7 in Ranged Weapons
  1153 | D:2      | 1153 ||| FLEEEEING.
  1154 | D:2      | HP: 5/20 [frozen (4)]
  1460 | D:2      | 1460 ||| UPGRADING to +0 ring mail.
  1470 | D:2      | 1470 ||| DROPPING +0 leather armour.
  1471 | D:2      | 1471 ||| READING 2 scrolls labelled ACWI GORYPO.
  1471 | D:2      | 1471 ||| BRANDING +0 shortbow.
  1472 | D:2      | 1472 ||| READING scroll of brand weapon.
  1472 | D:2      | 1472 ||| BRANDING +0 shortbow of draining.
  1487 | D:3      | 1487 ||| PLANNING SEWER
  1553 | D:3      | Reached XP level 4. HP: 25/25 MP: 6/6
  1561 | D:3      | Found a basalt altar of Yredelemnul.
  1611 | D:3      | Found a glowing golden altar of the Shining One.
  1677 | D:3      | Noticed Terence
  1683 | D:3      | Killed Terence
  1782 | D:3      | Reached skill level 8 in Ranged Weapons
  1814 | D:3      | Reached XP level 5. HP: 29/29 MP: 7/7
  2152 | D:3      | Found a glowing drain.
  2153 | D:3      | 2153 ||| READING scroll labelled MUECEM YTAE.
  2153 | D:3      | 2153 ||| ENCHANTING +0 shortbow of chaos.
  2154 | D:3      | 2154 ||| DRINKING 2 viscous yellow potions.
  2155 | D:3      | 2155 ||| DRINKING 2 dark potions.
  2156 | D:3      | 2156 ||| DROPPING potion of attraction.
  2165 | Sewer    | Entered a sewer
  2196 | Sewer    | Reached skill level 9 in Ranged Weapons
  2306 | Sewer    | Reached XP level 6. HP: 35/35 MP: 8/8
  2336 | Sewer    | Found a viscous altar of Jiyva.
  2366 | Sewer    | Reached skill level 10 in Ranged Weapons
  2371 | Sewer    | 2371 ||| UPGRADING to +0 helmet.
  2376 | Sewer    | 2376 ||| READING scroll labelled VOKKAONKAI.
  2376 | Sewer    | 2376 ||| ENCHANTING +0 pair of gloves.
  2377 | Sewer    | 2377 ||| DRINKING 2 golden potions.
  2377 | Sewer    | Gained mutation: You have sharp toenails. [potion of
                  | mutation]
  2377 | Sewer    | Gained mutation: Your magical capacity is low. (-10% MP)
                  | [potion of mutation]
  2377 | Sewer    | Gained mutation: You passively map a small area around you.
                  | [potion of mutation]
  2378 | Sewer    | 2378 ||| DRINKING 3 green potions.
  2393 | D:3      | 2393 ||| PLANNING D:1-11
  2445 | D:3      | Found an opulent altar of Gozag.
  2806 | D:3      | 2806 ||| READING scroll labelled LIOQATHR XAXO.
  2871 | D:4      | Reached skill level 1 in Armour
  3013 | D:4      | Reached skill level 3 in Dodging
  3013 | D:4      | Reached XP level 7. HP: 40/40 MP: 8/8
  3013 | D:4      | Found a white marble altar of Elyvilon.
  3070 | D:4      | Found an iron altar of Okawaru.
  3071 | D:4      | 3071 ||| PLANNING OKAWARU WORSHIP
  3071 | D:4      | 3071 ||| UPGRADING to +5 ring of evasion.
  3072 | D:4      | 3072 ||| READING scroll labelled ADABOALIUL.
  3181 | D:4      | 3181 ||| READING scroll labelled QYNUTS SOEG.
  3181 | D:4      | 3181 ||| IDENTIFYING bubbling cyan potion
  3182 | D:4      | Became a worshipper of Warmaster Okawaru
  3183 | D:4      | 3183 ||| PLANNING D:1-11
  3360 | D:4      | 3360 ||| DRINKING potion of haste.
  3420 | D:4      | Found a hide-covered altar of Uskayaw.
  3439 | D:4      | Reached skill level 11 in Ranged Weapons
  3539 | D:4      | Found a staircase to the Ecumenical Temple.
  3708 | D:4      | 3708 ||| DRINKING 2 fizzy dark potions.
  3709 | D:4      | 3709 ||| DRINKING 2 emerald potions.
  3710 | D:4      | 3710 ||| DROPPING potion of brilliance.
  3735 | D:5      | Entered Level 5 of the Dungeon
  3764 | D:5      | 3764 ||| READING scroll of brand weapon.
  3764 | D:5      | 3764 ||| BRANDING +1 shortbow of chaos.
  3777 | D:5      | Reached * piety under Okawaru
  3915 | D:5      | Reached skill level 1 in Invocations
  3915 | D:5      | Reached XP level 8. HP: 44/44 MP: 8/10
  4120 | D:5      | Reached skill level 12 in Ranged Weapons
  4380 | D:5      | 4380 ||| SWAPPING to +0 orcbow.
  4381 | D:5      | 4381 ||| DROPPING +1 shortbow of electrocution.
  4582 | D:5      | 4582 ||| READING scroll labelled PARCHATAOTOT.
  4583 | D:5      | 4583 ||| READING scroll labelled QIKKALONGA.
  4584 | D:5      | 4584 ||| READING scroll labelled JAANAZ WESODGHE.
  4585 | D:5      | 4585 ||| READING scroll labelled EPOKHE QILUO.
  4586 | D:5      | 4586 ||| DRINKING 3 coppery potions.
  4587 | D:5      | 4587 ||| DROPPING 2 potions of degeneration.
  4628 | D:6      | Noticed Sigmund
  4629 | D:6      | 4629 ||| INVOKING Heroism.
  4634 | D:6      | Killed Sigmund
  4635 | D:6      | Reached skill level 3 in Fighting
  4635 | D:6      | Reached skill level 3 in Invocations
  4761 | D:6      | Found a runed translucent door.
  4762 | D:6      | Noticed Crazy Yiuf
  4942 | D:6      | Noticed Jeremiah
  4943 | D:6      | 4943 ||| INVOKING Heroism.
  4964 | D:6      | 4964 ||| INVOKING Heroism.
  4976 | D:6      | Killed Jeremiah
  4977 | D:6      | Reached skill level 13 in Ranged Weapons
  5248 | D:6      | Reached XP level 9. HP: 50/50 MP: 12/12
  5289 | D:6      | Reached ** piety under Okawaru
  5346 | D:6      | Reached skill level 14 in Ranged Weapons
  5647 | D:6      | 5647 ||| READING scroll labelled OBROEPP QAQEIS.
  5748 | D:6      | 5748 ||| DRINKING 2 bubbling dark potions.
  5772 | D:7      | 5772 ||| STAIRDANCE
  5819 | D:7      | 5819 ||| STAIRDANCE
  5897 | D:7      | 5897 ||| STAIRDANCE
  5993 | D:7      | 5993 ||| STAIRDANCE
  5994 | D:6      | HP: 10/50 [burnt (6)]
  5995 | D:6      | 5995 ||| DRINKING 2 potions of heal wounds.
  6060 | D:7      | 6060 ||| READING scroll of enchant armour.
  6060 | D:7      | 6060 ||| ENCHANTING +1 pair of gloves.
  6152 | D:7      | Found a shimmering blue altar of Sif Muna.
  6281 | D:7      | Reached skill level 15 in Ranged Weapons
  6667 | D:7      | Found a stormy altar of Qazlal.
  7056 | D:7      | 7056 ||| UPGRADING to +0 pair of boots.
  7061 | D:7      | 7061 ||| READING scroll of identify.
  7061 | D:7      | 7061 ||| IDENTIFYING fizzy orange potion
  7062 | D:7      | 7062 ||| READING scroll labelled MAPEFUPNIRHE.
  7063 | D:7      | 7063 ||| DROPPING potion of ambrosia.
  7065 | D:7      | 7065 ||| Stepping ~*~*~tactically~*~*~ (cloud).
  7200 | D:8      | Reached *** piety under Okawaru
  7456 | D:8      | Found a radiant altar of Vehumet.
  7470 | D:8      | Reached skill level 16 in Ranged Weapons
  7523 | D:8      | Found an ornate altar of the Wu Jian Council.
  7533 | D:8      | Reached XP level 10. HP: 56/56 MP: 13/13
  7624 | D:8      | Found a hazy altar of Hepliaklqana.
  7692 | D:8      | 7692 ||| READING scroll labelled JOL NOW GATENG.
  7746 | D:9      | Reached skill level 6 in Dodging
  7774 | D:9      | 7774 ||| RETREEEEATING.
  7775 | D:9      | 7775 ||| RETREEEEATING.
  7776 | D:9      | 7776 ||| RETREEEEATING.
  7777 | D:9      | 7777 ||| RETREEEEATING.
  7778 | D:9      | 7778 ||| RETREEEEATING.
  7779 | D:9      | 7779 ||| RETREEEEATING.
  7780 | D:9      | 7780 ||| RETREEEEATING.
  7781 | D:9      | 7781 ||| RETREEEEATING.
  7782 | D:9      | 7782 ||| RETREEEEATING.
  7784 | D:9      | 7784 ||| RETREEEEATING.
  7793 | D:9      | 7793 ||| DRINKING 5 potions of curing.
  7793 | D:9      | 7793 ||| (to cure confusion)
  7811 | D:9      | HP: 14/56 [poisoned by a killer bee]
  7812 | D:9      | 7812 ||| READING 2 scrolls of teleportation.
  7813 | D:9      | 7813 ||| DRINKING potion of heal wounds.
  8097 | D:9      | 8097 ||| RETREEEEATING.
  8099 | D:9      | 8099 ||| RETREEEEATING.
  8100 | D:9      | 8100 ||| RETREEEEATING.
  8101 | D:9      | 8101 ||| RETREEEEATING.
  8103 | D:9      | 8103 ||| RETREEEEATING.
  8104 | D:9      | 8104 ||| RETREEEEATING.
  8105 | D:9      | 8105 ||| RETREEEEATING.
  8106 | D:9      | 8106 ||| RETREEEEATING.
  8107 | D:9      | 8107 ||| RETREEEEATING.
  8108 | D:9      | 8108 ||| RETREEEEATING.
  8109 | D:9      | 8109 ||| RETREEEEATING.
  8110 | D:9      | 8110 ||| RETREEEEATING.
  8111 | D:9      | 8111 ||| RETREEEEATING.
  8112 | D:9      | 8112 ||| RETREEEEATING.
  8113 | D:9      | 8113 ||| RETREEEEATING.
  8114 | D:9      | 8114 ||| RETREEEEATING.
  8115 | D:9      | 8115 ||| RETREEEEATING.
  8116 | D:9      | 8116 ||| RETREEEEATING.
  8117 | D:9      | 8117 ||| RETREEEEATING.
  8121 | D:9      | Reached **** piety under Okawaru
  8416 | D:9      | Identified the +4 halberd "Vajonkie" {venom, Will+ rCorr
                  | Dex+2}
  8563 | D:9      | 8563 ||| INVOKING Finesse.
  8652 | D:9      | 8652 ||| RETREEEEATING.
  8653 | D:9      | 8653 ||| RETREEEEATING.
  8654 | D:9      | 8654 ||| RETREEEEATING.
  8655 | D:9      | 8655 ||| RETREEEEATING.
  8656 | D:9      | 8656 ||| RETREEEEATING.
  8657 | D:9      | 8657 ||| RETREEEEATING.
  8658 | D:9      | 8658 ||| RETREEEEATING.
  8659 | D:9      | 8659 ||| RETREEEEATING.
  8660 | D:9      | 8660 ||| RETREEEEATING.
  8661 | D:9      | 8661 ||| RETREEEEATING.
  8662 | D:9      | 8662 ||| RETREEEEATING.
  8663 | D:9      | 8663 ||| RETREEEEATING.
  8664 | D:9      | 8664 ||| RETREEEEATING.
  8665 | D:9      | 8665 ||| RETREEEEATING.
  8666 | D:9      | 8666 ||| RETREEEEATING.
  8908 | D:9      | 8908 ||| UPGRADING to amulet of the acrobat.
  8924 | D:8      | Found a shadowy altar of Dithmenos.
  8935 | D:9      | 8935 ||| READING scroll of enchant weapon.
  8935 | D:9      | 8935 ||| ENCHANTING +0 orcbow.
  9099 | D:9      | 9099 ||| UPGRADING to +2 leather armour of fire resistance.
  9109 | D:9      | 9109 ||| UPGRADING to ring of positive energy.
  9131 | D:10     | Entered Level 10 of the Dungeon
  9161 | D:10     | 9161 ||| RETREEEEATING.
  9162 | D:10     | 9162 ||| RETREEEEATING.
  9166 | D:10     | 9166 ||| RETREEEEATING.
  9167 | D:10     | 9167 ||| RETREEEEATING.
  9172 | D:10     | 9172 ||| INVOKING Finesse.
  9181 | D:10     | Reached skill level 6 in Invocations
  9188 | D:10     | 9188 ||| FLEEEEING.
  9189 | D:10     | 9189 ||| FLEEEEING.
  9190 | D:10     | 9190 ||| FLEEEEING.
  9191 | D:10     | 9191 ||| FLEEEEING.
  9192 | D:10     | 9192 ||| FLEEEEING.
  9193 | D:10     | 9193 ||| FLEEEEING.
  9194 | D:10     | 9194 ||| FLEEEEING.
  9195 | D:10     | 9195 ||| FLEEEEING.
  9200 | D:10     | 9200 ||| FLEEEEING.
  9363 | D:10     | 9363 ||| RETREEEEATING.
  9364 | D:10     | 9364 ||| RETREEEEATING.
  9366 | D:10     | Noticed a smoke demon
  9366 | D:10     | 9366 ||| INVOKING Finesse.
  9417 | D:10     | Reached ***** piety under Okawaru
  9492 | D:10     | Found Huxzomiu's Antique Weapon Shop.
  9510 | D:10     | 9510 ||| RETREEEEATING.
  9513 | D:10     | 9513 ||| RETREEEEATING.
  9514 | D:10     | 9514 ||| RETREEEEATING.
  9520 | D:10     | 9520 ||| RETREEEEATING.
  9529 | D:10     | Reached skill level 9 in Dodging
  9532 | D:10     | Reached XP level 11. HP: 41/63 MP: 17/17
  9741 | D:10     | 9741 ||| DRINKING 4 potions of curing.
  9741 | D:10     | 9741 ||| (to cure confusion)
  9938 | D:10     | 9938 ||| READING scroll of enchant armour.
  9938 | D:10     | 9938 ||| ENCHANTING +0 helmet.
 10005 | D:10     | Received a gift from Okawaru
 10084 | D:10     | 10084 ||| RETREEEEATING.
 10085 | D:10     | 10085 ||| RETREEEEATING.
 10086 | D:10     | 10086 ||| RETREEEEATING.
 10087 | D:10     | 10087 ||| RETREEEEATING.
 10107 | D:10     | 10107 ||| INVOKING Finesse.
 10347 | D:10     | 10347 ||| RETREEEEATING.
 10352 | D:10     | 10352 ||| RETREEEEATING.
 10353 | D:10     | 10353 ||| RETREEEEATING.
 10354 | D:10     | 10354 ||| RETREEEEATING.
 10355 | D:10     | 10355 ||| RETREEEEATING.
 10357 | D:10     | 10357 ||| RETREEEEATING.
 10411 | D:10     | HP: 6/64 [orc priest/divine providence (14)]
 10412 | D:10     | 10412 ||| READING 2 scrolls of teleportation.
 10732 | D:10     | 10732 ||| DROPPING ring of ice.
 10733 | D:10     | 10733 ||| UPGRADING to ring of poison resistance.
 10735 | D:10     | 10735 ||| UPGRADING to +5 ring of evasion.
 10737 | D:10     | 10737 ||| DROPPING ring of positive energy.
 10738 | D:10     | 10738 ||| DROPPING ring of poison resistance.
 10778 | D:11     | Found a staircase to the Lair.
 10865 | D:11     | 10865 ||| INVOKING Finesse.
 10902 | D:11     | Noticed a two-headed ogre
 10903 | D:11     | 10903 ||| INVOKING Finesse.
 10916 | D:11     | Killed a two-headed ogre
 10917 | D:11     | Reached skill level 6 in Fighting
 10917 | D:11     | Reached skill level 9 in Invocations
 10980 | D:11     | 10980 ||| SWAPPING to +0 longbow.
 10981 | D:11     | 10981 ||| DROPPING +1 orcbow.
 11059 | D:11     | 11059 ||| RETREEEEATING.
 11065 | D:11     | 11065 ||| RETREEEEATING.
 11066 | D:11     | 11066 ||| RETREEEEATING.
 11067 | D:11     | 11067 ||| RETREEEEATING.
 11487 | D:11     | 11487 ||| PLANNING LAIR
 11487 | D:11     | 11487 ||| DROPPING +0 ring mail.
 11488 | D:11     | 11488 ||| READING 2 scrolls of identify.
 11488 | D:11     | 11488 ||| IDENTIFYING glowing amethyst potion
 11489 | D:11     | 11489 ||| DRINKING potion of experience.
 11489 | D:11     | Reached skill level 18 in Ranged Weapons
 11489 | D:11     | Reached XP level 12. HP: 70/70 MP: 18/20
 11501 | D:11     | 11501 ||| READING scroll of identify.
 11501 | D:11     | 11501 ||| IDENTIFYING amethyst potion
 11502 | D:11     | 11502 ||| DRINKING 3 fuming coppery potions.
 11503 | D:11     | 11503 ||| DROPPING 2 potions of invisibility.
 11504 | D:11     | 11504 ||| DROPPING potion of berserk rage.
 11534 | Lair:1   | Entered Level 1 of the Lair of Beasts
 11534 | Lair:1   | Noticed qw's ghost (journeyman SpHu)
 11534 | Lair:1   | Found a runed translucent door.
 11534 | Lair:1   | Found a shimmering altar of Xom.
 11903 | Lair:1   | 11903 ||| RETREEEEATING.
 11905 | Lair:1   | 11905 ||| RETREEEEATING.
 11914 | Lair:1   | 11914 ||| RETREEEEATING.
 11918 | Lair:1   | Received a gift from Okawaru
 11962 | Lair:1   | Noticed a five-headed hydra
 11963 | Lair:1   | 11963 ||| INVOKING Finesse.
 11969 | Lair:1   | Killed a five-headed hydra
 11970 | Lair:1   | Reached skill level 19 in Ranged Weapons
 12377 | Lair:1   | Noticed Erica
 12378 | Lair:1   | 12378 ||| INVOKING Finesse.
 12387 | Lair:1   | Killed Erica
 12673 | Lair:1   | 12673 ||| DROPPING ring of see invisible.
 12709 | Lair:2   | 12709 ||| INVOKING Finesse.
 12712 | Lair:2   | Reached XP level 13. HP: 72/74 MP: 15/21
 12776 | Lair:2   | 12776 ||| RETREEEEATING.
 12779 | Lair:2   | 12779 ||| RETREEEEATING.
 12780 | Lair:2   | 12780 ||| RETREEEEATING.
 12782 | Lair:2   | 12782 ||| RETREEEEATING.
 12787 | Lair:2   | 12787 ||| RETREEEEATING.
 12788 | Lair:2   | 12788 ||| RETREEEEATING.
 12796 | Lair:2   | 12796 ||| RETREEEEATING.
 12797 | Lair:2   | 12797 ||| RETREEEEATING.
 12798 | Lair:2   | 12798 ||| RETREEEEATING.
 12799 | Lair:2   | 12799 ||| RETREEEEATING.
 12800 | Lair:2   | 12800 ||| RETREEEEATING.
 12801 | Lair:2   | 12801 ||| RETREEEEATING.
 12802 | Lair:2   | 12802 ||| RETREEEEATING.
 12803 | Lair:2   | 12803 ||| RETREEEEATING.
 12804 | Lair:2   | 12804 ||| RETREEEEATING.
 12805 | Lair:2   | 12805 ||| RETREEEEATING.
 12806 | Lair:2   | 12806 ||| RETREEEEATING.
 12807 | Lair:2   | 12807 ||| RETREEEEATING.
 12808 | Lair:2   | 12808 ||| RETREEEEATING.
 12809 | Lair:2   | 12809 ||| RETREEEEATING.
 12810 | Lair:2   | 12810 ||| RETREEEEATING.
 12811 | Lair:2   | 12811 ||| RETREEEEATING.
 12812 | Lair:2   | 12812 ||| INVOKING Finesse.
 12814 | Lair:2   | Reached skill level 20 in Ranged Weapons
 13194 | Lair:2   | 13194 ||| RETREEEEATING.
 13195 | Lair:2   | 13195 ||| RETREEEEATING.
 13196 | Lair:2   | 13196 ||| RETREEEEATING.
 13197 | Lair:2   | 13197 ||| RETREEEEATING.
 13202 | Lair:2   | 13202 ||| INVOKING Finesse.
 13519 | Lair:2   | Found a hole to the Spider Nest.
 14084 | Lair:3   | 14084 ||| RETREEEEATING.
 14085 | Lair:3   | 14085 ||| RETREEEEATING.
 14086 | Lair:3   | 14086 ||| INVOKING Finesse.
 14093 | Lair:3   | 14093 ||| INVOKING Heroism.
 14109 | Lair:3   | HP: 17/76 [yak (4)]
 14113 | Lair:3   | HP: 7/76 [yak (3)]
 14114 | Lair:3   | Slain by a catoblepas

Levels and vault maps discovered:
D:1:      doesnt_arrival_eight_statues, layout_loops_ring
D:2:      layout_loops_ring, minmay_misc_feat_four_crosses, minmay_misc_feat_iff
D:3:      layout_basic, mainiacjoe_overflow_catwalk,
          mainiacjoe_overflow_24_doors, tso_metal_star, portal_sewer_entry_d,
          wad_floor_pattern_2, minmay_misc_feat_rows, dreamdust_wishing_well,
          minmay_misc_feat_rugged, nicolae_underground_beach, uniq_terence
D:4:      layout_loops_ring, lemuel_round_altar,
          nicolae_elyvilon_peaceful_grove, mainiacjoe_overflow_cross_hatched,
          minmay_temple_entry_statues_pillars
D:5:      layout_loops_ring, hangedman_abyss_or_decor_passed
D:6:      layout_basic, minmay_misc_feat_square, uniq_sigmund,
          uniq_crazy_yiuf_cottage, uniq_jeremiah
D:7:      layout_basic, nicolae_qazlal_style_of_elements,
          hellmonk_sif_muna_bookshelves
D:8:      layout_cave_pools, nicolae_vehumet_altar_sigil,
          nicolae_overflow_hidden_temple, nicolae_hepliaklqana_hippocampus,
          mainiacjoe_overflow_brackets, due_unseen_surprise
D:9:      layout_irregular_city, enter_bailey_7
D:10:     layout_roguey, serial_shops, shop, serial_ice, serial_ice_m,
          serial_ice_d, serial_ice_k, serial_ice_b, lightli_church_of_beogh
D:11:     layout_rooms, lair_entry_dummy
Lair:1:   layout_gridlike, ebering_ghost_xom, uniq_erica
Lair:2:   layout_hall_layers, spider_nest_entry_web_field,
          nicolae_volcano_entry_lava_flow
Lair:3:   minmay_lair_oklob_chamber, layout_regular_city,
          palyth_hydra_swamp_entry, hellmonk_ghost_happy_afterlife,
          lemuel_oklob_altar

Skill      XL: |  1  2  3  4  5  6  7  8  9 10 11 12 13 |
---------------+----------------------------------------+-----
Ranged Weapons | 6 7 8 9 10 11 13 16 18 19 20 | 20.0
Fighting       | 2 3 4 5 6 7 |  7.0
Armour         | 1 2 |  2.8
Dodging        | 3 4 5 9 11 | 11.0
Invocations    | 1 4 7 11 | 11.7
Stealth        | |  1.2

Action                     |  1- 3 |  4- 6 |  7- 9 | 10-12 | 13-15 || total
---------------------------+-------+-------+-------+-------+-------++-------
   Fire: Shortbow          |   104 |   135 |    82 |       |       ||   321
         Orcbow            |       |       |   312 |   497 |       ||   809
         Longbow           |       |       |       |   243 |   244 ||   487
 Invoke: Heroism           |       |       |     3 |       |     1 ||     4
         Finesse           |       |       |       |     9 |     3 ||    12
    Use: Scroll            |     5 |     3 |    11 |     7 |       ||    26
         Potion            |     1 |     4 |     6 |     5 |       ||    16
 Armour: Leather armour    |    24 |       |       |    78 |    61 ||   163
         Ring mail         |       |    28 |    97 |    68 |       ||   193
  Dodge: Dodged            |    18 |    28 |   104 |   385 |   110 ||   645

Table legend:
 A = Non-vault XP
 B = Vault XP
 C = Vault XP percentage of total XP
 D = Non-vault monster count
 E = Vault monster count
 F = Vault count percentage of total count
                 A         B        C        D         E       F
            +---------+---------+-------+---------+---------+-------
      Total |   29899 |    3290 |   9.9 |     284 |      62 |  17.9
            +---------+---------+-------+---------+---------+-------
        D:1 |      38 |       0 |   0.0 |      22 |       0 |   0.0
        D:2 |      44 |       0 |   0.0 |      17 |       0 |   0.0
        D:3 |     133 |      49 |  26.9 |      18 |       2 |  10.0
        D:4 |     586 |       0 |   0.0 |      16 |       0 |   0.0
        D:5 |     635 |       0 |   0.0 |      12 |       0 |   0.0
        D:6 |    1209 |     649 |  34.9 |      28 |       2 |   6.7
        D:7 |     976 |       0 |   0.0 |      16 |       0 |   0.0
        D:8 |     969 |       0 |   0.0 |      21 |       0 |   0.0
        D:9 |    2427 |      44 |   1.8 |      35 |       4 |  10.3
       D:10 |    4075 |    1461 |  26.4 |      23 |      26 |  53.1
       D:11 |    4081 |       0 |   0.0 |      17 |       0 |   0.0
     Lair:1 |    4847 |     836 |  14.7 |      22 |       1 |   4.3
     Lair:2 |    9879 |       0 |   0.0 |      37 |       0 |   0.0
      Sewer |       0 |     251 | 100.0 |       0 |      27 | 100.0
            +---------+---------+-------+---------+---------+-------
